Map: Submarine LE

Players

SKillous

  • Race: Protoss Protoss
  • League: Master
  • Spawn Location: 5:00

LiquidClem (Clem) - Winner!

  • Race: Terran Terran
  • League: Master
  • Spawn Location: 11:00

Event: StayAtHomestory Cup #2

VOD

Have the link to the VOD?

Description

Time

  • Played on: June 11, 2020, 5:45 a.m.
  • Length: 18:51

All games in this series

Show
View Real Time Build Order
Export as new Build Order

SKillous Protoss 

Build Orders: 1 Gate Expand, Blink Stalkers 

Get SALT Encoding   

  12  0:00  Probe  
  13  0:13  Probe  
  14  0:18  Pylon  
  14  0:25  Probe  
  15  0:34  Probe  
  15  0:37  Gateway  
  15  0:42  Probe  
  16  0:49  Assimilator  
  17  0:52  Probe  
  18  1:04  Probe  
  19  1:16  Probe  
  20  1:26  Cybernetics Core  
  20  1:35  Nexus  
  20  1:41  Pylon  
  20  1:44  Probe  
  21  1:50  Assimilator  
  21  1:52  Adept  
  21  1:56  Probe  
  22  2:03  Warp Gate  
  24  2:09  Probe, Shield Battery  
  25  2:17  Probe  
  25  2:22  Stalker  
  28  2:25  Probe  
  29  2:37  Probe  
  29  2:38  Twilight Council  
  30  2:47  Probe  
  30  2:50  Probe  
  32  2:54  Stalker  
  32  2:55  Probe, Blink  
  34  3:02  Probe  
  34  3:04  Probe  
  35  3:14  Probe  
  35  3:16  Probe  
  35  3:17  Gateway  
  37  3:26  Probe  
  38  3:28  Probe  
  38  3:30  Robotics Facility  
  39  3:38  Probe  
  39  3:39  Pylon  
  39  3:41  Probe  
  41  3:45  Assimilator  
  41  3:50  Probe, Sentry  
  41  3:53  Probe  
  45  4:00  Nexus  
  45  4:03  Pylon  
  45  4:05  Probe  
  45  4:08  Probe  
  47  4:18  Probe  
  47  4:19  Stalker x2  
  47  4:21  Observer  
  54  4:24  Probe  
  54  4:30  Gateway  
  54  4:31  Probe  
  53  4:36  Probe  
  52  4:43  Probe  
  51  4:46  Probe  
  51  4:51  Observer  
  51  4:52  Stalker x2  
  53  4:54  Probe  
  53  4:55  Probe  
  53  4:58  Charge  
  57  5:02  Probe  
  58  5:07  Probe  
  58  5:09  Probe, Gateway  
  58  5:10  Gateway  
  60  5:14  Probe  
  60  5:16  Probe, Observer  
  60  5:17  Probe  
  64  5:22  Gateway  
  64  5:23  Gateway  
  64  5:24  Probe  
  64  5:27  Probe  
  66  5:28  Gateway  
  66  5:31  Probe  
  66  5:33  Probe  
  67  5:36  Sentry x2  
  67  5:40  Probe  
  73  5:51  Probe  
  73  5:53  Probe, Zealot  
  77  5:57  Pylon  
  77  5:59  Pylon  
  77  6:03  Pylon  
  77  6:06  Pylon  
  77  6:07  Warp Prism  
  77  6:13  Dark Shrine  
  77  6:14  Pylon  
  77  6:15  Probe  
  80  6:20  Shield Battery, Zealot x4  
  80  6:21  Pylon, Zealot  
  90  6:25  Zealot x2  
  90  6:32  Observer  
  94  6:38  Zealot  
  96  6:42  Zealot x5  
  106  6:47  Pylon  
  106  6:49  Forge  
  106  7:02  Probe  
  106  7:06  Stalker x5  
  106  7:07  Protoss Ground Weapons Level 1  
  115  7:08  Probe x2  
  115  7:10  Probe  
  115  7:17  Probe x2  
  115  7:18  Probe  
  115  7:24  Assimilator  
  115  7:25  Probe x2, Assimilator  
  115  7:27  Forge  
  117  7:30  Probe  
  117  7:34  Probe  
  117  7:35  Probe  
  118  7:38  Observer  
  118  7:41  Robotics Bay  
  118  7:42  Probe  
  118  7:43  Dark Templar  
  123  7:44  Protoss Ground Armor Level 1, Dark Templar  
  123  7:45  Dark Templar  
  123  7:47  Probe  
  123  7:50  Probe  
  129  7:54  Probe  
  129  7:57  Assimilator  
  130  7:59  Probe  
  130  8:02  Probe  
  132  8:06  Probe  
  132  8:08  Pylon  
  132  8:09  Pylon  
  133  8:18  Pylon  
  133  8:26  Probe x2  
  135  8:30  Stalker x6  
  135  8:32  Probe  
  146  8:35  Disruptor  
  146  8:38  Probe  
  146  8:39  Nexus  
  146  8:41  Pylon  
  145  9:04  Zealot x7  
  159  9:13  Probe  
  159  9:14  Zealot, Disruptor  
  155  9:27  Dark Templar x4  
  157  9:35  Zealot x4  
  141  9:39  Protoss Ground Armor Level 2  
  141  9:40  Disruptor  
  141  9:44  Protoss Ground Weapons Level 2  
  131  9:50  Probe x2  
  124  9:56  Zealot x3  
  124  9:57  Zealot  
  124  9:59  Zealot x2  
  120  10:06  Disruptor  
  117  10:07  Sentry  
  117  10:12  Zealot  
  120  10:18  Stalker x3  
  125  10:24  Dark Templar x2  
  129  10:32  Zealot x3  
  133  10:42  Warp Prism  
  133  10:43  Zealot x2, Dark Templar  
  141  10:54  Stalker x2  
  141  10:55  Stalker  
  147  11:03  Zealot x4  
  153  11:06  Shield Battery  
  153  11:15  Probe  
  153  11:16  Probe  
  153  11:18  Pylon  
  155  11:23  Observer  
  155  11:25  Zealot x3  
  153  11:27  Probe x2  
  153  11:28  Photon Cannon  
  153  11:30  Photon Cannon  
  153  11:32  Photon Cannon  
  152  11:34  Probe  
  152  11:35  Photon Cannon  
  152  11:37  Probe  
  152  11:38  Protoss Ground Armor Level 3  
  154  11:51  Zealot x8  
  168  11:59  Probe  
  168  12:00  Probe x2  
  165  12:05  Probe  
  165  12:07  Protoss Ground Weapons Level 3  
  166  12:11  Colossus  
  166  12:12  Probe x2  
  166  12:15  Stalker x2, Zealot x6  
  184  12:31  Probe  
  183  12:43  Zealot x3  
  171  12:51  Sentry x2  
  171  12:52  Zealot  
  171  12:53  Zealot  
  171  12:54  Probe x2  
  171  12:55  Probe  
  180  12:59  Robotics Facility  
  180  13:01  Sentry  
  178  13:11  Probe  
  179  13:13  Zealot x4  
  187  13:21  Pylon  
  187  13:27  Pylon  
  187  13:32  Shadow Stride  
  185  13:34  Extended Thermal Lance  
  185  13:38  Pylon, Dark Templar  
  187  13:42  Colossus  
  187  13:53  Nexus  
  187  13:54  Pylon  
  185  13:56  Colossus  
  185  14:02  Assimilator x2  
  179  14:20  Probe  
  179  14:21  Probe  
  179  14:24  Protoss Shields Level 1  
  179  14:27  Immortal  
  179  14:28  Pylon  
  179  14:30  Dark Templar x8  
  199  14:43  Pylon  
  197  15:09  Photon Cannon  
  197  15:11  Photon Cannon  
  197  15:12  Stargate, Photon Cannon  
  197  15:13  Shield Battery  
  197  15:18  Protoss Air Weapons Level 1  
  195  15:27  Zealot x2  
  161  15:42  Zealot x6  
  154  15:43  Disruptor  
  158  15:51  Stalker x2  
  157  16:08  Disruptor  
  157  16:09  Stalker x4  
  165  16:17  Observer  
  156  16:22  Stalker x3  
  163  16:32  Assimilator x2  
  161  16:33  Zealot x5  
  161  16:35  Disruptor  
  174  16:51  Nexus  
  174  16:56  Stalker x3, Pylon  
  174  16:57  Dark Templar x5  
  190  17:01  Fleet Beacon  
  190  17:02  Stargate  
  184  17:15  Nexus  
  174  17:23  Zealot x2  
  174  17:24  Zealot  
  174  17:29  Stalker x5  
  147  17:35  Probe  
  148  17:42  Tempest  
  144  17:47  Zealot x3  
  144  17:50  Tempest  
  154  17:59  Zealot x5  
  120  18:07  Stalker x3  
  124  18:15  Pylon  
  124  18:19  Stalker x4  
  132  18:20  Stalker  
  126  18:34  Zealot x3  
Show
View Real Time Build Order
Export as new Build Order

LiquidClem Terran - Winner!

Build Orders: Gas First Reaper Expand 

Get SALT Encoding   

  12  0:01  SCV  
  13  0:13  SCV  
  14  0:17  Supply Depot  
  14  0:25  SCV  
  15  0:29  Refinery  
  15  0:39  SCV  
  16  0:44  Barracks  
  16  0:51  SCV  
  17  1:03  SCV  
  18  1:15  SCV  
  19  1:32  Reaper, Orbital Command  
  20  1:48  Command Center  
  20  1:59  Factory  
  20  2:03  SCV  
  22  2:10  Barracks Reactor  
  21  2:15  SCV  
  21  2:17  Bunker  
  22  2:22  Supply Depot  
  22  2:28  SCV  
  23  2:31  Refinery  
  23  2:44  SCV  
  23  2:46  Hellion  
  25  2:52  Marine x2  
  25  2:56  Starport  
  28  2:58  SCV  
  27  3:09  Orbital Command  
  29  3:13  Hellion  
  29  3:16  SCV  
  29  3:19  Marine  
  31  3:21  Marine  
  32  3:28  SCV  
  32  3:34  Medivac  
  35  3:36  Hellion  
  35  3:37  Marine  
  35  3:39  Marine  
  39  3:45  Supply Depot  
  39  3:47  SCV  
  40  3:49  SCV  
  41  3:56  Marine  
  41  3:57  Marine  
  41  3:59  SCV, Factory Tech Lab  
  44  4:03  Supply Depot  
  44  4:05  Starport Tech Lab  
  44  4:09  SCV  
  45  4:13  Marine  
  45  4:15  Marine  
  45  4:17  SCV  
  47  4:18  Siege Tank  
  50  4:25  Raven  
  50  4:28  SCV  
  53  4:34  SCV  
  54  4:40  SCV  
  54  4:43  Marine x2  
  55  4:46  SCV  
  55  4:52  SCV, Supply Depot, Barracks  
  52  4:54  Barracks  
  52  4:55  Siege Tank  
  52  4:58  SCV  
  56  5:02  Engineering Bay  
  56  5:06  Marine x2  
  58  5:11  SCV  
  58  5:13  SCV  
  60  5:16  Supply Depot  
  60  5:19  Refinery  
  60  5:23  Marine  
  60  5:24  Marine  
  60  5:25  SCV x2  
  60  5:27  Starport Reactor  
  64  5:30  Terran Infantry Weapons Level 1  
  64  5:37  SCV, Supply Depot  
  64  5:38  SCV  
  64  5:39  Factory Reactor  
  65  5:49  SCV, Stimpack  
  65  5:50  Marauder x2  
  65  5:51  Marine  
  65  5:52  Marine  
  65  5:56  SCV, Supply Depot  
  72  6:01  SCV  
  73  6:07  Supply Depot, Refinery, Combat Shield  
  73  6:09  SCV  
  73  6:10  Marine x2  
  76  6:15  Marauder  
  76  6:18  Marauder  
  80  6:20  SCV  
  80  6:21  SCV  
  82  6:25  Supply Depot  
  82  6:28  Marine x2  
  84  6:33  Supply Depot  
  84  6:35  Medivac x2  
  84  6:38  Marauder  
  90  6:41  Widow Mine  
  90  6:43  Marauder  
  94  6:47  Marine x2  
  94  6:50  Widow Mine  
  97  6:59  SCV  
  97  7:00  SCV  
  99  7:04  Marauder  
  99  7:07  Command Center  
  101  7:11  Marine x2  
  101  7:12  Marauder  
  101  7:14  Widow Mine x2  
  109  7:18  Medivac x2  
  109  7:20  SCV  
  114  7:23  Supply Depot  
  114  7:29  Marine x2  
  116  7:33  Marauder  
  116  7:34  Missile Turret  
  118  7:41  Missile Turret  
  118  7:45  SCV x2  
  118  7:46  Terran Infantry Armor Level 1  
  118  7:48  Supply Depot  
  120  7:51  Marine  
  120  7:52  Concussive Shells  
  120  7:57  SCV, Marauder x2  
  126  8:03  Barracks  
  126  8:08  Barracks  
  126  8:10  SCV  
  127  8:16  Supply Depot  
  127  8:17  SCV  
  128  8:20  Marine x2  
  128  8:21  Missile Turret  
  128  8:22  SCV  
  128  8:24  Orbital Command  
  131  8:29  SCV  
  132  8:34  SCV  
  132  8:36  Marauder  
  133  8:41  SCV  
  133  8:42  Marauder, Marine  
  133  8:46  SCV  
  133  8:48  Widow Mine x2  
  142  8:51  Ghost Academy  
  142  8:53  SCV x2  
  142  8:55  Armory  
  144  8:56  Engineering Bay  
  144  8:58  SCV  
  144  8:59  Supply Depot  
  145  9:03  Barracks Reactor, Barracks Tech Lab  
  145  9:04  Marine  
  145  9:09  Marine, Widow Mine x2  
  148  9:12  Marauder  
  148  9:13  SCV  
  148  9:15  Marauder  
  147  9:19  SCV  
  141  9:30  Marine x2, Widow Mine  
  141  9:31  Marauder, Widow Mine  
  147  9:33  Marauder  
  147  9:38  Marauder  
  138  9:39  Orbital Command  
  138  9:41  Marine x2  
  134  9:48  Marine  
  124  9:53  Marine x2  
  124  9:55  Widow Mine x2  
  124  9:59  SCV x2, Terran Infantry Armor Level 2, Marauder x2  
  129  10:06  SCV  
  129  10:11  SCV  
  130  10:15  Medivac x2  
  130  10:16  Missile Turret  
  130  10:18  Marine x2  
  130  10:21  Marine  
  136  10:27  Terran Infantry Weapons Level 2  
  137  10:30  SCV x2  
  137  10:31  SCV  
  140  10:35  Ghost x2  
  140  10:37  Ghost  
  140  10:42  SCV  
  147  10:45  Marine x4  
  147  10:48  Refinery  
  147  10:49  SCV x2  
  153  10:50  Supply Depot  
  153  10:58  Medivac x2  
  153  11:03  Supply Depot  
  157  11:04  Ghost  
  157  11:05  Marine x4  
  161  11:15  Marauder x2  
  165  11:19  Command Center, Widow Mine x2  
  165  11:23  Marine  
  165  11:24  Supply Depot  
  168  11:33  Marauder  
  168  11:34  Refinery  
  168  11:36  Ghost  
  172  11:43  Marine x4  
  172  11:44  Marauder, Starport  
  165  11:52  Liberator  
  165  11:53  Liberator  
  167  11:54  Terran Ship Weapons Level 1  
  167  12:00  Marauder  
  164  12:05  Marauder  
  164  12:06  Marine x4  
  164  12:07  Marauder  
  172  12:08  SCV  
  172  12:13  Supply Depot  
  172  12:14  Enhanced Shockwaves  
  171  12:21  Marauder  
  173  12:27  Marauder, Marine x2  
  173  12:29  Terran Infantry Armor Level 3  
  173  12:38  Marine x2  
  166  12:44  Liberator x2  
  166  12:45  Liberator  
  166  12:46  Marine x2  
  166  12:48  Marauder x2  
  176  12:52  Marauder  
  178  13:01  Marine  
  178  13:02  SCV, Marine  
  178  13:05  Planetary Fortress, Refinery  
  180  13:09  Marauder  
  180  13:10  Missile Turret, Marine  
  180  13:12  Marine x2  
  175  13:19  Terran Infantry Weapons Level 3  
  176  13:28  Sensor Tower, Liberator  
  181  13:34  Marauder  
  181  13:38  Marine x3  
  181  13:39  Marine  
  185  13:44  Fusion Core  
  185  13:48  Refinery  
  185  13:50  SCV x2  
  185  13:52  Marauder  
  185  13:53  Terran Ship Weapons Level 2  
  189  14:01  SCV x2  
  191  14:09  Marauder  
  189  14:15  Command Center  
  189  14:17  Liberator x2  
  194  14:24  Liberator  
  194  14:26  Sensor Tower  
  194  14:28  Marauder  
  199  14:34  Advanced Ballistics  
  199  14:35  Personal Cloaking  
  199  14:44  Command Center  
  198  15:06  Missile Turret  
  198  15:07  Supply Depot, Command Center  
  198  15:21  Marauder  
  190  15:39  Liberator  
  190  15:42  Liberator x2  
  182  15:45  Marauder  
  182  15:47  Marine x4  
  191  15:53  Marauder  
  189  16:02  Marauder  
  190  16:11  Liberator  
  192  16:18  SCV, Planetary Fortress  
  191  16:19  Ghost x2  
  191  16:21  Marine x4  
  198  16:34  Factory Reactor  
  198  16:35  Starport  
  198  16:36  Planetary Fortress  
  198  16:39  Orbital Command  
  198  16:44  Missile Turret  
  198  16:51  Liberator  
  198  16:55  Missile Turret  
  198  16:57  Missile Turret  
  198  16:59  SCV  
  195  17:08  Marine x2  
  195  17:09  Marauder  
  199  17:16  Starport Reactor  
  199  17:20  Marauder  
  197  17:24  Liberator x2  
  197  17:27  Marauder  
  190  17:30  Marauder  
  190  17:36  Liberator x2  
  194  17:40  Marine  
  194  17:42  Marauder  
  196  17:48  Marauder, Marine x2  
  191  17:52  Marauder  
  190  18:01  Marine x2  
  190  18:03  Marauder  
  169  18:06  Marine x2  
  169  18:07  Liberator x2  
  169  18:09  SCV  
  169  18:10  Command Center  
  169  18:11  SCV x2  
  176  18:13  Refinery  
  176  18:15  Ghost x2  
  183  18:27  Marine  
  183  18:28  Marine x3  
Tags
 
Add a new tag
Caveats
  • Supply blocks, unpowered buildings, or Contaminate may cause inaccurate times.
  • Supply counts are checked every 10 seconds.